 Dungeon Crawl Stone Soup version 0.30.0-5-g1a98f26d00 (webtiles) character file.

Game seed: 3942942186405979994

28 CaptainMV the Vexing (level 3, -4/28 HPs)
             Began as a Gnoll Hexslinger on May 12, 2023.
             Killed from afar by Sigmund (12 damage)
             ... with a magic dart
             ... on level 2 of the Dungeon.
             The game lasted 00:04:57 (529 turns).

CaptainMV the Vexing (Gnoll Hexslinger)              Turns: 529, Time: 00:04:58

Health: -4/28      AC:  2    Str:  9    XL:     3   Next: 14%
Magic:  7/7        EV: 13    Int: 12    God:
Gold:   74         SH:  0    Dex: 14    Spells: 6/7 levels left

rFire   . . .        b - +0 spear (freeze)
rCold   . . .        (no shield)
rNeg    . . .        c - +0 robe
rPois   .            (no helmet)
rElec   .            (no cloak)
rCorr   .            (no gloves)
SInv    .            (no boots)
Will    .....        (no amulet)
Stlth   ++           (no ring)
HPRegen 0.24/turn    (no ring)
MPRegen 0.10/turn

%: no passive effects
@: no status effects
A: fangs 1, strong nose, distributed training
a: no special abilities


You were on level 2 of the Dungeon.
You visited 1 branch of the dungeon, and saw 2 of its levels.

You collected 74 gold pieces.

Inventory:

Hand Weapons
 a - a +1 sling
 b - a +0 spear of freezing (weapon)
Armour
 c - a +0 robe (worn)
Scrolls
 e - a scroll of poison
Potions
 d - a potion of curing


   Skills:
 + Level 2.6 Fighting
 + Level 0.7 Short Blades
 + Level 0.7 Long Blades
 + Level 0.7 Axes
 + Level 0.7 Maces & Flails
 + Level 0.7 Polearms
 + Level 0.7 Staves
 + Level 4.5 Ranged Weapons
 + Level 0.7 Throwing
 + Level 0.7 Armour
 + Level 4.5 Dodging
 + Level 0.7 Stealth
 + Level 0.7 Shields
 + Level 0.7 Unarmed Combat
 + Level 2.8 Spellcasting
 + Level 0.5 Conjurations
 + Level 5.4 Hexes
 + Level 0.5 Summonings
 + Level 0.5 Necromancy
 + Level 0.5 Translocations
 + Level 0.5 Transmutations
 + Level 0.5 Fire Magic
 + Level 0.5 Ice Magic
 + Level 0.5 Air Magic
 + Level 0.5 Earth Magic
 + Level 0.5 Poison Magic
 + Level 0.9 Invocations
 + Level 0.7 Evocations


You had 6 spell levels left.
You knew the following spells:

 Your Spells              Type           Power      Damage    Failure   Level
a - Slow                  Hex            56%        N/A       2%          1

Your spell library contained the following spells:

 Spells                   Type           Power      Damage    Failure   Level
 Tukima's Dance           Hex            14%        N/A       9%          3
 Magic Dart               Conj           8%         1d3       21%         1
 Inner Flame              Hex/Fire       8%         N/A       22%         3
 Portal Projectile        Hex/Tloc       16%        N/A       22%         3
 Cause Fear               Hex            7%         N/A       26%         4
 Call Imp                 Summ           4%         N/A       30%         2
 Mephitic Cloud           Conj/Pois/Air  2%         N/A       52%         3
 Blade Hands              Tmut           1%         N/A       99%         5


Dungeon Overview and Level Annotations

Branches:
Dungeon (2/15)

Altars:

Shops:
D:1 [

Annotations:
D:2 Sigmund


Innate Abilities, Weirdness & Mutations

You have very sharp teeth.
Your uncanny sense of smell can sniff out nearby items.
Your experience applies equally to all skills.


Message History

You shoot a sling bullet.
The sling bullet hits Sigmund but does no damage.
Fire: a) +1 sling
Press: ? - help, Q - select action, (/) - cycle Shift-Dir - straight line, f - ball python
Aim: a ball python (57% to hit)
You shoot a sling bullet.
The sling bullet closely misses the ball python.
The ball python misses you. The ball python barely misses you.
Your +0 spear of freezing glows with a cold blue light!
b - a +0 spear of freezing (weapon)
The ball python closely misses you. x2
You hit the ball python. You freeze the ball python.
The ball python is severely wounded.
The ball python bites you. The ball python grabs you.
The ball python constricts you.
You barely miss the ball python. Your bite misses the ball python.
The ball python is severely wounded.
The ball python barely misses you. The ball python constricts you.
Sigmund casts a spell.
Sigmund flickers and vanishes!
Deactivating autopickup; reactivate with Ctrl-A.
The ball python closely misses you. The ball python constricts you.
You barely miss the ball python. Your bite misses the ball python.
The ball python is severely wounded.
The ball python barely misses you. The ball python constricts you.
You hit the ball python.
The ball python seems to slow down.
You freeze the ball python.
You kill the ball python!
You hit something. You freeze something. Something barely misses you.
You hit something. You freeze something. Something hits you!
* * * LOW HITPOINT WARNING * * *
You closely miss something. You hit something. You freeze something.
Your bite misses something.
You hear some strange, mumbled words.
Something tries to affect you, but you resist.
You closely miss something.
You hear some strange, mumbled words.
A magic dart appears from out of thin air!
The magic dart hits you!
You die...

.. #.##.# .. ......
.### ..... ... ....
.. #..## .#
#...##{##
#####..#@..#
+........#......
####....## .##..
###.....##.#
#..........#
#.....##..........##
#.....##............
#.....##..........#.
#.....####........#


There were no monsters in sight!

Vanquished Creatures
  A bat (D:2)
  2 endoplasms (D:1)
  2 giant cockroaches (D:1)
  4 goblins
  5 hobgoblins (D:2)
  A kobold (D:1)
  3 quokkas
  2 ball pythons
  A ball python skeleton (D:2)
  2 frilled lizards (D:1)
  A rat (D:1)
24 creatures vanquished.

Notes
Turn   | Place    | Note
-------+----------+-------------------------------------------
     0 | D:1      | CaptainMV the Gnoll Hexslinger began the quest for the Orb.
     0 | D:1      | Reached XP level 1. HP: 17/17 MP: 4/4
    58 | D:1      | Reached XP level 2. HP: 16/23 MP: 5/5
   409 | D:1      | Found Foxudumor's Antique Armour Shop.
   494 | D:2      | Reached XP level 3. HP: 14/28 MP: 7/7
   516 | D:2      | Noticed Sigmund
   529 | D:2      | Killed from afar by Sigmund

Illustrated notes

Levels and vault maps discovered:
D:1:      grunt_arrival_crossed_arrows, layout_loops_cross, serial_shops, shop,
          serial_bayou_pond_a, hex_tiny, nicolae_concentric_dashed_squares_wild
D:2:      layout_basic, serial_undead, serial_undead_c, serial_undead_d,
          serial_undead_c, serial_undead_d, serial_park_tiny_1,
          kennysheep_decorative_pillar, minmay_pentomino_r2, uniq_sigmund

Action                     || total
---------------------------++-------
  Melee: Spear             ||    58
         Bite              ||     2
   Fire: Sling             ||    35
    Use: Scroll            ||     1
   Stab: Sleeping          ||     1
 Armour: Robe              ||     7
  Dodge: Dodged            ||    46
